 Dungeon Crawl Stone Soup version 0.28-a0-1117-g0bdd5ba030 (webtiles) character file.

Game seed: 4759022672408718776

3551 SensoryNuts the Cruncher (level 9, -2/79 HPs)
             Began as a Purple Draconian Fighter on Dec 11, 2021.
             Was an Initiate of Yredelemnul.
             Slain by a wyvern (13 damage)
             ... on level 8 of the Dungeon.
             The game lasted 00:13:38 (8317 turns).

SensoryNuts the Cruncher (Purple Draconian Fighter) Turns: 8317, Time: 00:13:39

Health: -2/79      AC:  9    Str: 24    XL:     9   Next: 83%
Magic:  9/9        EV: 13    Int: 14    God:    Yredelemnul [......]
Gold:   398        SH:  0    Dex: 10    Spells: 8/8 levels left

rFire   . . .      SeeInvis .   c - +3 quarterstaff (flame)
rCold   . . .      Faith    .   (shield currently unavailable)
rNeg    . . .      Spirit   .   (armour unavailable)
rPois   .          Reflect  .   (helmet restricted)
rElec   .          Harm     .   e - +1 cloak {rCorr}
rCorr   +          Rampage  .   (no gloves)
Will    +....      Rage     1%  (no boots)
Stlth   ++........              (no amulet)
HPRegen 0.23/turn               l - +6 ring of intelligence
MPRegen 0.11/turn               (no ring)

@: studying Unarmed Combat
A: breathe power, AC +7, unfitting armour, cold-blooded, berserk 1
a: Breathe Dispelling Energy, Renounce Religion, Recall Undead Harvest


You were on level 8 of the Dungeon.
You worshipped Yredelemnul.
Yredelemnul was noncommittal.
You visited 2 branches of the dungeon, and saw 10 of its levels.

You collected 398 gold pieces.

Inventory:

Hand Weapons
 a - a +0 long sword
 c - a +3 quarterstaff of flaming (weapon)
Missiles
 p - a throwing net (quivered)
Armour
 b - a +0 buckler
 e - a +1 cloak of preservation (worn)
Magical Staves
 q - a staff of earth
Jewellery
 d - an amulet of the acrobat
 g - a +6 ring of strength
 i - a ring of ice
 l - a +6 ring of intelligence (left hand)
Wands
 j - a wand of mindburst (13)
 k - a wand of polymorph (3)
 m - a wand of acid (6)
 s - a wand of paralysis (6)
 u - a wand of flame (21)
Scrolls
 h - a scroll of magic mapping
 n - 6 scrolls of identify


   Skills:
 + Level 7.4 Fighting
 + Level 3.3 Long Blades
 + Level 9.5 Staves
 + Level 6.1 Dodging
 + Level 4.6 Stealth
 + Level 3.3 Shields
 + Level 0.3 Invocations


You had 8 spell levels left.
You didn't know any spells.
Your spell library contained the following spells:

 Spells                   Type           Power      Damage    Failure   Level
 Foxfire                  Conj/Fire      0%         2x1d4     28%         1
 Corpse Rot               Necr/Air       0%         N/A       41%         2
 Static Discharge         Conj/Air       0%         N/A       41%         2
 Conjure Flame            Conj/Fire      0%         6-21      65%         3
 Inner Flame              Hex/Fire       0%         N/A       65%         3
 Ozocubu's Armour         Ice            0%         N/A       65%         3
 Dispel Undead            Necr           0%         3d6       96%         4
 Flame Wave               Conj/Fire      0%         2d4       96%         4
 Lightning Bolt           Conj/Air       0%         1d11      100%        5
 Ozocubu's Refrigeration  Ice            0%         4d5       100%        7
 Maxwell's Capacitive Co  Air            0%         ∞         100%        8
 Death Channel            Necr           Unusable   N/A       N/A         6

Dungeon Overview and Level Annotations

Branches:
Dungeon (9/15)             Temple (1/1) D:4            Lair (0/6) D:8
    Orc: D:9-12

Altars:
Ashenzari
Cheibriados
Dithmenos
Elyvilon
Fedhas
Gozag
Hepliaklqana
Kikubaaqudgha
Makhleb
Nemelex Xobeh
Okawaru
Qazlal
Ru
Trog
Uskayaw
Vehumet
Wu Jian
Xom
Yredelemnul
Zin
The Shining One


Innate Abilities, Weirdness & Mutations

You can breathe bolts of dispelling energy.
Your rich purple scales are hard. (AC +7)
You cannot fit into any form of body armour.
You are cold-blooded and may be slowed by cold attacks.
You tend to lose your temper in combat.


Message History

You hit the wyvern but do no damage.
The wyvern is moderately wounded.
The wyvern barely misses you. The yak gores your orc wizard zombie!
Your orc wizard zombie hits the yak but does no damage.
You closely miss the wyvern.
The wyvern is moderately wounded.
You feel sick.
The wyvern bites you but does no damage.
You feel more buoyant. The water moccasin bites you.
* * * LOW HITPOINT WARNING * * *
The yak gores your orc wizard zombie! The wyvern closely misses you.
You feel sick.
Your orc wizard zombie stops moving altogether!
The yak gores your orc wizard zombie.
Your orc wizard zombie is destroyed!
You feel sick.
You are no longer poisoned.
The wyvern hisses menacingly.
There is a stone staircase leading down here.
You fly downwards.
Found 15 stones.
There is a stone staircase leading up here.
Your extra speed is starting to run out.
You feel yourself slow down.
You are starting to lose your buoyancy.
You float gracefully downwards.
You climb upwards.
The water moccasin closely misses you. The wyvern bites you!
The water moccasin bites you but does no damage.
The wyvern bites you!
* * * LOW HITPOINT WARNING * * *
There is a stone staircase leading down, spattered with blood here.
The wyvern bites you!
* * * LOW HITPOINT WARNING * * *
The water moccasin misses you. The wyvern closely misses you.
There is a stone staircase leading up here.
The wyvern bites you!
You die...
Your body rises from the dead as a mindless zombie.

### ######....# #..
...##....# #.#
#######.##....# #.#
#.#...)).'....# #.#
#.....#.##....# #.#
#..Z#.#.#.....#
####.#######Z#.#...#######
#.ZZ.......#Z#.#.#>.......
#.########...#.#@lS#######
#.### #####.##..# #...##
#.........#
#.#..#####.###.#...#
#........Z.....#l..#
#..####.####.###...#
#..##.....##......<#
#..#.......#[.###..#
#..#.......#.......#


You could see a water moccasin and a wyvern.

Vanquished Creatures
  An orb spider (shapeshifter) (D:6)
  A hornet (D:7)
  A wraith (D:6)
  A yak (D:4)
  3 water moccasins
  An ice beast (D:7)
  A hornet zombie (D:8)
  2 sky beasts
  2 ogres
  2 centaurs (D:4)
  A kobold brigand (D:7)
  2 phantoms
  2 bullfrogs
  2 wyvern zombies
  4 killer bees (D:7)
  3 hounds (D:5)
  A bullfrog zombie (D:6)
  A centaur skeleton (D:4)
  3 orc priests
  Crazy Yiuf (D:2)
  Jessica (D:3)
  6 iguanas
  Natasha (twice) (D:3)
  5 orc wizards
  A hound skeleton (D:4)
  A howler monkey zombie (D:6)
  Robin (D:3)
  4 gnolls
  7 adders
  2 worms
  3 dart slugs
  24 orcs
  5 bats
  2 endoplasms
  4 giant cockroaches
  16 goblins
  14 hobgoblins
  6 jackals
  5 quokkas
  7 ball pythons
  2 frilled lizards
  8 kobolds
  4 rats
165 creatures vanquished.

Vanquished Creatures (collateral kills)
  A killer bee (D:7)
  An iguana (D:6)
  An orc wizard (D:7)
  2 gnolls (D:6)
  A worm (D:5)
  3 kobolds (D:7)
  A rat (D:5)
10 creatures vanquished.

Vanquished Creatures (others)
  A water moccasin zombie (D:8)
  A gnoll shaman (D:6)
  2 killer bee zombies (D:7)
  2 kobold zombies (D:7)
  5 orc zombies
  2 fungi (D:8)
  5 plants (D:8)
18 creatures vanquished.

Grand Total: 193 creatures vanquished

Notes
Turn   | Place    | Note
-------+----------+-------------------------------------------
     0 | D:1      | SensoryNuts the Draconian Fighter began the quest for the
                  | Orb.
     0 | D:1      | Reached XP level 1. HP: 19/19 MP: 1/1
   349 | D:1      | Reached XP level 2. HP: 26/26 MP: 2/2
   628 | D:2      | Found a broken altar of Ashenzari.
   988 | D:2      | Reached XP level 3. HP: 22/33 MP: 3/3
  1225 | D:2      | Found a runed translucent door.
  1226 | D:2      | Noticed Crazy Yiuf
  1696 | D:2      | Killed Crazy Yiuf
  1697 | D:2      | Reached XP level 4. HP: 20/40 MP: 4/4
  2000 | D:3      | Noticed Jessica
  2004 | D:3      | Killed Jessica
  2389 | D:3      | Reached XP level 5. HP: 46/47 MP: 5/5
  2398 | D:3      | Reached skill level 1 in Stealth
  2578 | D:3      | Found a faded altar of an unknown god.
  2706 | D:3      | Prayed at the altar of an unknown god.
  2706 | D:3      | Became a worshipper of Vehumet
  2706 | D:3      | Reached * piety under Vehumet
  2706 | D:3      | Offered knowledge of Shock by Vehumet.
  2747 | D:3      | Noticed Robin
  2781 | D:3      | Killed Robin
  2782 | D:3      | Reached skill level 1 in Staves
  2791 | D:3      | Found an ancient bone altar of Kikubaaqudgha.
  2798 | D:3      | Found a snail-covered altar of Cheibriados.
  2802 | D:3      | Found a glowing silver altar of Zin.
  2803 | D:3      | Found a stormy altar of Qazlal.
  2812 | D:3      | Found a radiant altar of Vehumet.
  2889 | D:3      | Reached ** piety under Vehumet
  2906 | D:3      | Offered knowledge of Scorch by Vehumet.
  3101 | D:3      | Noticed Natasha
  3109 | D:3      | Killed Natasha
  3110 | D:3      | Reached skill level 2 in Staves
  3126 | D:3      | Noticed Natasha
  3146 | D:3      | Killed Natasha
  3147 | D:3      | Reached XP level 6. HP: 53/53 MP: 6/6
  3199 | D:3      | Found a faded altar of an unknown god.
  3204 | D:3      | Found a hide-covered altar of Uskayaw.
  3609 | D:4      | Reached skill level 3 in Staves
  3743 | D:4      | Gained mutation: You tend to lose your temper in combat.
                  | [potion of mutation]
  3749 | D:4      | Offered knowledge of Poisonous Vapours by Vehumet.
  4031 | D:4      | Found a staircase to the Ecumenical Temple.
  4038 | D:4      | Reached skill level 5 in Fighting
  4038 | D:4      | Your scales start taking on a rich purple colour.
  4038 | D:4      | Reached XP level 7. HP: 61/61 MP: 7/7
  4121 | D:4      | Noticed a yak
  4149 | D:4      | Reached skill level 4 in Staves
  4154 | D:4      | Reached *** piety under Vehumet
  4329 | D:4      | Killed a yak
  4480 | D:4      | Reached skill level 5 in Staves
  4685 | Temple   | Entered the Ecumenical Temple
  4795 | Temple   | Fell from the grace of Vehumet
  4839 | Temple   | Became a worshipper of Yredelemnul the Dark
  4894 | D:5      | Entered Level 5 of the Dungeon
  4972 | D:5      | Reached XP level 8. HP: 48/69 MP: 8/8
  5289 | D:5      | Reached * piety under Yredelemnul
  5436 | D:5      | Reached skill level 6 in Staves
  5451 | D:5      | Reached ** piety under Yredelemnul
  5649 | D:5      | Reached *** piety under Yredelemnul
  6527 | D:6      | Noticed a shapeshifter
  6527 | D:6      | a gnoll shaman changed into a shapeshifter
  6527 | D:6      | Noticed an orb spider
  6527 | D:6      | a shapeshifter changed into an orb spider
  6528 | D:6      | Killed an orb spider
  6529 | D:6      | Reached skill level 7 in Staves
  6529 | D:6      | Reached skill level 5 in Dodging
  6529 | D:6      | Reached XP level 9. HP: 59/78 MP: 9/9
  6541 | D:6      | Found a blossoming altar of Fedhas.
  6727 | D:6      | Reached skill level 8 in Staves
  7414 | D:7      | Paralysed by a hornet for 2 turns
  7636 | D:7      | Reached skill level 9 in Staves
  8040 | D:8      | Found a sacrificial altar of Ru.
  8154 | D:8      | Found a staircase to the Lair.
  8317 | D:8      | Slain by a wyvern

Illustrated notes

Levels and vault maps discovered:
D:1:      nicolae_arrival_somewhat_less_tricky_arrival, layout_rooms
D:2:      layout_loops_ring, basic_altar, minmay_misc_feat_tower,
          mrwooster_statue_mirror, uniq_crazy_yiuf_cottage
D:3:      layout_loops_corners, nicolae_overflow_hallway_of_the_gods,
          nicolae_overflow_ecumenical_swirl,
          hellmonk_ecumenical_altar_pennies_from_heaven, st_stairs_9,
          guppyfry_early_orc_mine, uniq_robin, uniq_jessica, uniq_natasha
D:4:      minmay_clustersquares, layout_rooms, minmay_temple_entry_proselytizer,
          hangedman_decor_clover_reticule, minmay_manual_mares
D:5:      layout_basic, portal_sewer_entry_e
D:6:      layout_basic, mainiacjoe_overflow_small_starburst
D:7:      layout_rooms
D:8:      kennysheep_windowed_halls, layout_basic, old_standard_altar,
          minmay_lair_entry_grove
D:9:      layout_layer_cave, minmay_liquid_box, uniq_joseph
Temple:   dshaligram_water_room_temple

Skill      XL: |  1  2  3  4  5  6  7  8  9 |
---------------+----------------------------+-----
Dodging        | 3 4 5 6 |  6.1
Fighting       | 4 5 6 7 |  7.4
Long Blades    | 3 |  3.3
Stealth        | 1 2 4 |  4.6
Staves         | 2 3 5 7 9 |  9.5
Shields        | |  3.3
Invocations    | |  0.3

Action                   |  1- 3 |  4- 6 |  7- 9 || total
-------------------------+-------+-------+-------++-------
Melee: Long sword        |    58 |       |       ||    58
       Tailslap          |     6 |    19 |    26 ||    51
       Quarterstaff      |       |   173 |   257 ||   430
Invok: Renounce Religion |       |       |     1 ||     1
       Dark Bargain      |       |       |     1 ||     1
 Abil: Breathe Dispellin |       |       |     2 ||     2
  Use: Potion            |     4 |     3 |     8 ||    15
       Scroll            |     2 |     1 |     6 ||     9
 Stab: Sleeping          |       |     4 |     5 ||     9
       Invisible         |       |     1 |       ||     1
       Distracted        |       |       |     1 ||     1
Armor: Skin              |    21 |    76 |    80 ||   177
Dodge: Dodged            |    35 |   106 |   160 ||   301
Block: Buckler           |    12 |       |       ||    12

Table legend: (Time is in decaauts)
 A = Elapsed time spent in this place.
 B = Non-inter-level travel time spent in this place.
 C = Inter-level travel time spent in this place.
 D = Time resting spent in this place.
 E = Time spent auto-exploring this place.
 F = Levels seen in this place.
 G = Mean time per level.
                   A        B        C        D        E       F      G
               +--------+--------+--------+--------+--------+-----+--------+
         Total |   8397 |   8397 |      0 |      0 |   6315 |  10 |  839.7 |
       Dungeon |   8218 |   8218 |      0 |      0 |   6215 |   9 |  913.1 |
        Temple |    178 |    178 |      0 |      0 |    100 |   1 |  178.0 |
               +--------+--------+--------+--------+--------+-----+--------+

Top non-repeatable levels by time:
     D:3: 1654 daAuts
     D:2: 1314 daAuts
     D:4: 1192 daAuts
     D:6: 1123 daAuts
     D:7: 1010 daAuts
     D:5: 970 daAuts
     D:1: 633 daAuts
     D:8: 219 daAuts
  Temple: 178 daAuts
     D:9: 99 daAuts
